 Dungeon Crawl Stone Soup version 0.31.0-9-g3a7656b989 (webtiles) character file.

Game seed: 919964914969271773

98 qw the Shooter (level 4, -8/25 HPs)
             Began as a Deep Elf Hunter on Feb 2, 2024.
             Killed by divine providence
             ... invoked by an orc priest
              (14 damage)
             ... on level 3 of the Dungeon.
             The game lasted 00:00:07 (1848 turns).

qw the Shooter (Deep Elf Hunter)                    Turns: 1848, Time: 00:00:08

Health: -8/25      AC:  9    Str: 10    XL:     4   Next: 43%
Magic:  6/6        EV:  9    Int: 14    God:
Gold:   151        SH:  0    Dex: 18    Spells: 3/3 levels left

rFire   . . .        a - +0 shortbow
rCold   . . .        (shield currently unavailable)
rNeg    . . .        e - +0 scale mail
rPois   .            (no helmet)
rElec   .            i - +2 cloak
rCorr   .            (no gloves)
SInv    .            (no boots)
Will    .....        (no amulet)
Stlth   +            (no ring)
HPRegen 0.24/turn    (no ring)
MPRegen 0.10/turn

%: no passive effects
@: no status effects
A: no striking features
a: no special abilities


You were on level 3 of the Dungeon.
You visited 1 branch of the dungeon, and saw 3 of its levels.

You collected 151 gold pieces.


   Skills:
 - Level 1.5 Fighting
 + Level 7.9 Ranged Weapons
 - Level 2.4 Dodging
 - Level 1.2 Stealth


You had 3 spell levels left.
You didn't know any spells.
Your spell library was empty.

Inventory:

Hand Weapons
 a - a +0 shortbow (weapon)
Armour
 e - a +0 scale mail (worn)
 i - a +2 cloak (worn)
Scrolls
 b - a scroll of identify
 c - a scroll of teleportation {unknown}
 g - a scroll of fear {unknown}
Potions
 d - a potion of enlightenment
 f - 2 potions of curing {unknown}

Dungeon Overview and Level Annotations

Branches:
Dungeon (3/15)

Altars:


Message History

1830 ||| ENCHANTING +1 cloak.
As you read the scroll of enchant armour, it crumbles to dust.
Your +1 cloak glows green for a while.
An orc wizard comes into view. It is wielding a +0 short sword.
The orc wizard shouts!
You shoot an arrow. The arrow misses the orc wizard.
You shoot an arrow. The arrow barely misses the orc wizard.
The orc wizard points at you and mumbles some strange words.
The magic dart hits you. The orc wizard closely misses you.
You shoot an arrow. The arrow hits the orc wizard!
The orc wizard is severely wounded.
The orc wizard hits you with a +0 short sword.
You shoot an arrow. The arrow hits the orc wizard.
The orc wizard is almost dead.
An orc priest comes into view. It is wielding a +0 whip.
The orc wizard hits you but does no damage.
You shoot an arrow. The orc priest shouts!
The arrow hits the orc wizard but does no damage.
The orc wizard is almost dead.
The orc wizard points at you and mumbles some strange words.
The puff of flame hits you!
You shoot an arrow.
The arrow closely misses the orc wizard.
The orc wizard hits you but does no damage. x2
You shoot an arrow.
The arrow closely misses the orc wizard.
The orc wizard closely misses you.
You shoot an arrow.
The arrow closely misses the orc wizard.
The orc wizard gestures wildly while chanting.
The orc wizard flickers and vanishes!
Deactivating autopickup; reactivate with Ctrl-A.
You shoot an arrow. The arrow barely misses the orc priest.
The orc priest hits you but does no damage.
Something hits you. x2
The orc priest calls down the wrath of Beogh upon you.
Beogh smites you!
Ouch! That really hurt!
You die...

#####.#### ##
#########........###.
#.......#..##.#.:....
#.#.#.#.#..##.#..###.
#...#...#..#<.%).....
#.#####....).##..###.
#...#...#..####......
#.#.#{#.#......######
#...@o..########~....
####.###...# #~....
#.. . . #~.... #### .
#~~~~~ .'##### .. .


You could see an orc priest.

Vanquished Creatures
  Natasha (D:2)
  An adder (D:3)
  2 dart slugs
  2 orcs (D:3)
  5 ball pythons
  9 endoplasms
  4 giant cockroaches
  3 goblins
  5 hobgoblins
  2 quokkas
  3 bats
  8 frilled lizards
  6 kobolds
  6 rats
57 creatures vanquished.

Notes
Turn   | Place    | Note
-------+----------+-------------------------------------------
     0 | D:1      | qw the Deep Elf Hunter began the quest for the Orb.
     0 | D:1      | Reached XP level 1. HP: 12/12 MP: 3/3
     0 | D:1      | 0 ||| qw: Version: 0.3-a-155-g5e7d8dd
     0 | D:1      | 0 ||| qw: Game counter: 97
     0 | D:1      | 0 ||| qw: Melee chars always use a shield: true
     0 | D:1      | 0 ||| qw: God list: Okawaru
     0 | D:1      | 0 ||| qw: Allow faded altars: false
     0 | D:1      | 0 ||| qw: Do Orc after clearing Dungeon:15 true
     0 | D:1      | 0 ||| qw: Do second Lair branch before Depths: true
     0 | D:1      | 0 ||| qw: Lair rune preference: random
     0 | D:1      | 0 ||| qw: Goals: Normal
     0 | D:1      | 0 ||| PLANNING D:1-11
   101 | D:1      | Reached XP level 2. HP: 16/16 MP: 4/4
   118 | D:1      | Reached skill level 6 in Ranged Weapons
   637 | D:1      | 637 ||| UPGRADING to +0 scale mail.
   647 | D:1      | 647 ||| DROPPING +0 leather armour.
   648 | D:1      | 648 ||| UPGRADING to +0 cloak.
   653 | D:1      | 653 ||| DROPPING +6 ring of intelligence.
   654 | D:1      | 654 ||| READING scroll labelled WAIZUD IBLO.
   654 | D:1      | 654 ||| IDENTIFYING black potion
   655 | D:1      | 655 ||| DRINKING 2 dark potions.
   656 | D:1      | 656 ||| DROPPING scroll of butterflies.
   657 | D:1      | 657 ||| DROPPING potion of attraction.
   740 | D:2      | Noticed Natasha
   747 | D:2      | Reached XP level 3. HP: 16/20 MP: 5/5
   748 | D:2      | HP: 4/20 [Natasha (5)]
   749 | D:2      | HP: 1/20 [cerulean imp/+1 spear[Natasha] (2)]
   751 | D:2      | Killed Natasha
   752 | D:2      | Reached skill level 7 in Ranged Weapons
  1233 | D:2      | Reached XP level 4. HP: 25/25 MP: 6/6
  1603 | D:2      | 1603 ||| READING 3 scrolls of identify.
  1603 | D:2      | 1603 ||| IDENTIFYING scroll labelled REOHIE QADORAESAKH
  1604 | D:2      | 1604 ||| READING 2 scrolls of identify.
  1604 | D:2      | 1604 ||| IDENTIFYING scroll labelled JURELE BOZO
  1605 | D:2      | 1605 ||| READING scroll of enchant armour.
  1605 | D:2      | 1605 ||| ENCHANTING +0 cloak.
  1606 | D:2      | 1606 ||| READING scroll of identify.
  1606 | D:2      | 1606 ||| IDENTIFYING 3 scrolls labelled ILONURICOU
  1607 | D:2      | 1607 ||| DROPPING scroll of immolation.
  1608 | D:2      | 1608 ||| DROPPING 3 scrolls of revelation.
  1830 | D:3      | 1830 ||| READING scroll of enchant armour.
  1830 | D:3      | 1830 ||| ENCHANTING +1 cloak.
  1848 | D:3      | HP: 6/25 [something (4)]
  1848 | D:3      | Killed from afar by an orc priest

Levels and vault maps discovered:
D:1:      reono_arrival_mine, layout_basic, serial_bayou_ford_a,
          minmay_tetromino_l4
D:2:      layout_basic, uniq_natasha
D:3:      layout_loops_cross, grunt_nemelex_the_gamble,
          makhleb_altar_promises_db, chequers_serial_rivers_room_a

Skill      XL: |  1  2  3 |
---------------+----------+-----
Ranged Weapons | 6 7 |  7.9
Fighting       | |  1.5
Dodging        | |  2.4
Stealth        | |  1.2

Action                     |  1- 3 |  4- 6 || total
---------------------------+-------+-------++-------
   Fire: Shortbow          |   120 |    51 ||   171
    Use: Scroll            |     1 |     5 ||     6
         Potion            |     1 |       ||     1
 Armour: Leather armour    |     9 |       ||     9
         Scale mail        |    19 |    15 ||    34
         Skin              |     3 |       ||     3
  Dodge: Dodged            |    29 |    12 ||    41

Table legend:
 A = Non-vault XP
 B = Vault XP
 C = Vault XP percentage of total XP
 D = Non-vault monster count
 E = Vault monster count
 F = Vault count percentage of total count
                 A         B        C        D         E       F
            +---------+---------+-------+---------+---------+-------
      Total |      97 |      43 |  30.7 |      53 |       4 |   7.0
            +---------+---------+-------+---------+---------+-------
        D:1 |      28 |       8 |  22.2 |      19 |       3 |  13.6
        D:2 |      30 |      35 |  53.8 |      20 |       1 |   4.8
        D:3 |      39 |       0 |   0.0 |      14 |       0 |   0.0
            +---------+---------+-------+---------+---------+-------
